 Dungeon Crawl Stone Soup version 0.31-a0-246-g8cbcc1cb85 (webtiles) character file.

Game seed: 10967617975841784025

776 qw the Skirmisher (level 7, -3/61 HPs)
             Began as a Minotaur Hexslinger on July 12, 2023.
             Was an Initiate of Okawaru.
             Slain by a gnoll
             ... wielding a +0 halberd
              (8 damage)
             ... on level 5 of the Dungeon.
             The game lasted 00:01:24 (2897 turns).

qw the Skirmisher (Minotaur Hexslinger)             Turns: 2897, Time: 00:01:25

Health: -3/61      AC:  8    Str: 13      XL:     7   Next: 54%
Magic:  7/7        EV: 11    Int: 10      God:    Okawaru [......]
Gold:   195        SH:  5    Dex: 13 (14) Spells: 7/8 levels left

rFire   + . .        Y - +2 sling (chaos)
rCold   . . .        (no shield)
rNeg    . . .        f - +1 ring mail {rF+}
rPois   .            (helmet restricted)
rElec   .            (no cloak)
rCorr   .            (no gloves)
SInv    .            j - +1 pair of boots
Will    .....        h - amulet of reflection
Stlth   +            (no ring)
HPRegen 0.30/turn    (no ring)
MPRegen 0.10/turn

%: reflection
@: no status effects
A: horns 2, retaliatory headbutt
a: Renounce Religion


You were on level 5 of the Dungeon.
You worshipped Okawaru.
Okawaru was noncommittal.
You visited 1 branch of the dungeon, and saw 5 of its levels.

You collected 195 gold pieces.


Innate Abilities, Weirdness & Mutations

You have a pair of horns on your head.
You reflexively headbutt those who attack you in melee.


   Skills:
 - Level 5.0 Fighting
 - Level 8.2 Ranged Weapons
 + Level 1.1 Armour
 - Level 2.1 Dodging
 - Level 1.0 Spellcasting
 - Level 2.0 Hexes


You had 7 spell levels left.
You knew the following spells:

 Your Spells              Type           Power      Damage    Failure   Level
a - Slow                  Hex            16%        N/A       32%         1

Your spell library contained the following spells:

 Spells                   Type           Power      Damage    Failure   Level
 Inner Flame              Hex/Fire       2%         N/A       82%         3
 Portal Projectile        Hex/Tloc       4%         N/A       82%         3
 Cause Fear               Hex            2%         N/A       97%         4

Inventory:

Hand Weapons
 Y - a +2 sling of chaos (weapon)
Armour
 f - a +1 ring mail of fire resistance (worn)
 j - a +1 pair of boots (worn)
Jewellery
 h - an amulet of reflection (around neck)
Scrolls
 c - a scroll of identify
Potions
 b - a potion of curing
 g - a potion of enlightenment
 l - a potion of haste {unknown}
 m - a potion of cancellation {unknown}

Dungeon Overview and Level Annotations

Branches:
Dungeon (5/15)
 Temple: D:4-7

Altars:
Okawaru

Shops:
D:3 =


Message History

The sling bullet closely misses the gnoll.
You block the gnoll's attack. The gnoll hits you but does no damage.
You shoot a sling bullet. The sling bullet hits the gnoll.
The gnoll is heavily wounded.
The gnoll closely misses you. The gnoll hits you but does no damage.
You shoot a sling bullet. The sling bullet hits the gnoll.
The sling bullet burns the gnoll.
The gnoll is severely wounded.
The gnoll barely misses you.
The gnoll hits you from afar with a +0 spear.
You shoot a sling bullet.
The sling bullet hits the gnoll but does no damage.
The gnoll is severely wounded.
The gnoll closely misses you.
The gnoll hits you from afar with a +0 spear.
The gnoll hits you but does no damage.
The gnoll hits you from afar with a +0 spear.
You shoot a sling bullet.
The sling bullet barely misses the gnoll.
The gnoll barely misses you. You block the gnoll's attack.
You shoot a sling bullet. The sling bullet hits the gnoll.
Space warps around the gnoll.
You kill the gnoll!
Okawaru accepts your kill.
The gnoll hits you from afar with a +0 halberd.
Your Fighting skill increases to level 5!
You shoot a sling bullet. The sling bullet hits the gnoll.
The gnoll is moderately wounded.
The gnoll hits you from afar with a +0 halberd!
You shoot a sling bullet. The sling bullet hits the gnoll.
The gnoll resists with some effort.
The gnoll is severely wounded.
You block the gnoll's attack.
You shoot a sling bullet.
The sling bullet closely misses the gnoll.
The gnoll hits you from afar with a +0 halberd!
You shoot a sling bullet.
The sling bullet barely misses the gnoll.
The gnoll hits you from afar with a +0 halberd!
You die...

#.)# #..# o
.... .}
#..## ...
#)..#g}
#!... #)g#
###))# #
#..@.###.#
#........#
#........#
#........#
#%%..##....
#.#.## ####
#####.#.###
#.........#
#.#######.#


You could see a gnoll.

Vanquished Creatures
  Eustachio (D:3)
  A black bear (D:4)
  A phantom (D:4)
  2 scorpions
  An orc priest (D:4)
  Ijyb (D:4)
  Natasha (thrice) (D:3)
  An iguana (D:3)
  An orc wizard (D:5)
  6 gnolls
  4 adders
  A worm (D:2)
  3 dart slugs (D:1)
  6 orcs
  10 endoplasms
  3 giant cockroaches
  8 goblins
  5 hobgoblins
  8 kobolds
  2 quokkas
  6 ball pythons
  3 bats
  3 frilled lizards
  5 rats
85 creatures vanquished.

Notes
Turn   | Place    | Note
-------+----------+-------------------------------------------
     0 | D:1      | qw the Minotaur Hexslinger began the quest for the Orb.
     0 | D:1      | Reached XP level 1. HP: 16/16 MP: 1/1
     0 | D:1      | 0 ||| qw: Version: 0.3-a-52-g30416fa
     0 | D:1      | 0 ||| qw: Game counter: 6501
     0 | D:1      | 0 ||| qw: Melee chars always use a shield: true
     0 | D:1      | 0 ||| qw: God list: Okawaru
     0 | D:1      | 0 ||| qw: Allow faded altars: false
     0 | D:1      | 0 ||| qw: Do Orc after clearing Dungeon:15 true
     0 | D:1      | 0 ||| qw: Do second Lair branch before Depths: true
     0 | D:1      | 0 ||| qw: Lair rune preference: random
     0 | D:1      | 0 ||| qw: Goals: Normal
     0 | D:1      | 0 ||| PLANNING D:1-11
    58 | D:1      | Reached skill level 3 in Ranged Weapons
    58 | D:1      | Reached XP level 2. HP: 16/23 MP: 2/2
   138 | D:1      | 138 ||| UPGRADING to +1 ring mail of fire resistance.
   154 | D:1      | 154 ||| DROPPING +0 robe.
   156 | D:1      | 156 ||| READING scroll labelled YLLUEPLA WOAPN.
   439 | D:1      | 439 ||| Stepping ~*~*~tactically~*~*~ (outnumbered).
   446 | D:1      | Reached XP level 3. HP: 29/29 MP: 3/3
   519 | D:1      | 519 ||| READING scroll labelled PIS SUIBLOUTT.
   620 | D:1      | 620 ||| READING scroll labelled NUBUD NYHA.
   621 | D:1      | 621 ||| READING scroll labelled HUGOUGG WEIFIO.
   622 | D:1      | 622 ||| READING scroll labelled SIUNEWNYEKH.
   623 | D:1      | 623 ||| READING scroll labelled ZODULO SOGROH.
   624 | D:1      | 624 ||| READING scroll labelled OMMAFEU RIMUB.
   625 | D:1      | 625 ||| DRINKING 2 emerald potions.
   730 | D:1      | 730 ||| DROPPING scroll of poison.
   731 | D:1      | 731 ||| DROPPING potion of berserk rage.
   826 | D:2      | Reached skill level 4 in Ranged Weapons
   828 | D:2      | Reached skill level 1 in Armour
   838 | D:2      | 838 ||| FLEEEEING.
   839 | D:2      | 839 ||| FLEEEEING.
   840 | D:2      | 840 ||| FLEEEEING.
   841 | D:2      | 841 ||| FLEEEEING.
   842 | D:2      | 842 ||| FLEEEEING.
   843 | D:2      | 843 ||| FLEEEEING.
   844 | D:2      | 844 ||| FLEEEEING.
   845 | D:2      | 845 ||| FLEEEEING.
   846 | D:2      | 846 ||| FLEEEEING.
   847 | D:2      | 847 ||| FLEEEEING.
   848 | D:2      | 848 ||| FLEEEEING.
   849 | D:2      | 849 ||| FLEEEEING.
   850 | D:2      | 850 ||| FLEEEEING.
   851 | D:2      | 851 ||| FLEEEEING.
   852 | D:2      | 852 ||| FLEEEEING.
   853 | D:2      | 853 ||| FLEEEEING.
   854 | D:2      | 854 ||| FLEEEEING.
   855 | D:2      | 855 ||| FLEEEEING.
   856 | D:2      | 856 ||| FLEEEEING.
   857 | D:2      | 857 ||| FLEEEEING.
   858 | D:2      | 858 ||| FLEEEEING.
   859 | D:2      | 859 ||| FLEEEEING.
   860 | D:2      | 860 ||| FLEEEEING.
   861 | D:2      | 861 ||| FLEEEEING.
   862 | D:2      | 862 ||| STAIRDANCE
   905 | D:1      | 905 ||| READING scroll labelled IJIUSM YBRYMIF.
   909 | D:2      | Reached XP level 4. HP: 36/36 MP: 4/4
   915 | D:2      | 915 ||| STAIRDANCE
   957 | D:2      | 957 ||| FLEEEEING.
   958 | D:2      | 958 ||| FLEEEEING.
   959 | D:2      | 959 ||| FLEEEEING.
   960 | D:2      | 960 ||| FLEEEEING.
  1071 | D:2      | Identified the +7 chain mail "Gisch" {rF- rN+ Slay+5}
  1133 | D:2      | 1133 ||| FLEEEEING.
  1251 | D:2      | 1251 ||| READING scroll labelled XOGROC BAHAUVYO.
  1363 | D:3      | Noticed Natasha
  1373 | D:3      | HP: 9/36 [Natasha (4)]
  1380 | D:3      | Killed Natasha
  1587 | D:3      | Reached skill level 5 in Ranged Weapons
  1624 | D:3      | Found Qailem's Jewellery Shop.
  1632 | D:3      | 1632 ||| SHOPLISTING +6 ring of dexterity (396 gold, have
                  | 74).
  1632 | D:3      | 1632 ||| SHOPLISTING ring of Weehoraiq {Str+4 Int+6} (565
                  | gold, have 74).
  1632 | D:3      | 1632 ||| SHOPLISTING ring of fire (275 gold, have 74).
  1632 | D:3      | 1632 ||| SHOPLISTING ring of willpower (275 gold, have 74).
  1637 | D:3      | 1637 ||| READING scroll of brand weapon.
  1637 | D:3      | 1637 ||| BRANDING +1 sling of flaming.
  1770 | D:3      | Noticed Natasha
  1781 | D:3      | Killed Natasha
  1782 | D:3      | Reached skill level 3 in Fighting
  1782 | D:3      | Reached XP level 5. HP: 35/45 MP: 5/5
  1908 | D:3      | Found a faded altar of an unknown god.
  1935 | D:3      | Noticed Natasha
  1945 | D:3      | Killed Natasha
  2073 | D:3      | 2073 ||| UPGRADING to +0 pair of boots.
  2078 | D:3      | 2078 ||| READING scroll of enchant armour.
  2078 | D:3      | 2078 ||| ENCHANTING +0 pair of boots.
  2079 | D:3      | 2079 ||| UPGRADING to amulet of reflection.
  2084 | D:3      | 2084 ||| READING scroll labelled WOIHOPT KECY.
  2085 | D:3      | 2085 ||| READING scroll labelled QIODOA TUOS.
  2086 | D:3      | 2086 ||| DRINKING 2 fizzy golden potions.
  2087 | D:3      | 2087 ||| READING 2 scrolls of identify.
  2087 | D:3      | 2087 ||| IDENTIFYING golden potion
  2088 | D:3      | 2088 ||| DROPPING potion of invisibility.
  2089 | D:3      | 2089 ||| DROPPING potion of degeneration.
  2106 | D:4      | Noticed Eustachio
  2113 | D:4      | 2113 ||| STAIRDANCE
  2117 | D:3      | Killed Eustachio
  2118 | D:3      | Reached skill level 6 in Ranged Weapons
  2118 | D:3      | Reached XP level 6. HP: 46/51 MP: 6/6
  2218 | D:4      | Reached skill level 7 in Ranged Weapons
  2227 | D:4      | Reached XP level 7. HP: 17/60 MP: 7/7
  2227 | D:4      | HP: 13/60 [frozen (4)]
  2430 | D:4      | Found an iron altar of Okawaru.
  2431 | D:4      | 2431 ||| PLANNING OKAWARU WORSHIP
  2431 | D:4      | 2431 ||| READING scroll labelled KIGEOWNOYRGH.
  2435 | D:4      | 2435 ||| DRINKING 2 ruby potions.
  2453 | D:4      | Became a worshipper of Warmaster Okawaru
  2454 | D:4      | 2454 ||| PLANNING D:1-11
  2652 | D:4      | Noticed Ijyb
  2656 | D:4      | Killed Ijyb
  2816 | D:4      | 2816 ||| READING scroll labelled GUES MOONN.
  2817 | D:4      | 2817 ||| READING 2 scrolls of identify.
  2817 | D:4      | 2817 ||| IDENTIFYING fizzy orange potion
  2834 | D:5      | Entered Level 5 of the Dungeon
  2849 | D:5      | Reached skill level 8 in Ranged Weapons
  2870 | D:5      | 2870 ||| Stepping ~*~*~tactically~*~*~ (outnumbered).
  2872 | D:5      | 2872 ||| Stepping ~*~*~tactically~*~*~ (outnumbered).
  2880 | D:5      | 2880 ||| DRINKING 2 potions of curing.
  2880 | D:5      | 2880 ||| (to cure confusion)
  2894 | D:5      | HP: 11/61 [gnoll/+0 halberd (9)]
  2896 | D:5      | HP: 5/61 [gnoll/+0 halberd (7)]
  2897 | D:5      | Slain by a gnoll

Levels and vault maps discovered:
D:1:      psy_arrival_whirlpool, layout_rooms, minmay_misc_feat_tiny,
          serial_park_tiny_1, minmay_strange_pillars, minmay_split_cup_small
D:2:      layout_rooms, grunt_ministairs_2
D:3:      layout_basic, shapermc_ecumenical_altar_mp_urbaneastern, serial_shops,
          shop, uniq_natasha
D:4:      layout_basic, okawaru_trees_2, uniq_ijyb, uniq_eustachio
D:5:      layout_loops_ring, cheibrodos_ashenzari_chains, temple_fountains

Skill      XL: |  1  2  3  4  5  6  7 |
---------------+----------------------+-----
Ranged Weapons | 3 4 5 6 7 8 |  8.2
Fighting       | 2 3 4 5 |  5.0
Armour         | 1 |  1.1
Dodging        | |  2.1
Spellcasting   | |  1.0
Hexes          | |  2.0

Action                     |  1- 3 |  4- 6 |  7- 9 || total
---------------------------+-------+-------+-------++-------
   Fire: Sling             |    80 |   142 |    68 ||   290
    Use: Scroll            |     8 |     6 |     3 ||    17
         Potion            |     1 |     1 |     2 ||     4
 Armour: Robe              |     2 |       |       ||     2
         Ring mail         |    13 |    31 |    11 ||    55
  Dodge: Dodged            |    28 |    58 |    30 ||   116
  Block: Other             |       |     9 |    11 ||    20
         Reflection        |       |       |     1 ||     1

Table legend:
 A = Non-vault XP
 B = Vault XP
 C = Vault XP percentage of total XP
 D = Non-vault monster count
 E = Vault monster count
 F = Vault count percentage of total count
                 A         B        C        D         E       F
            +---------+---------+-------+---------+---------+-------
      Total |     825 |     284 |  25.6 |      77 |       8 |   9.4
            +---------+---------+-------+---------+---------+-------
        D:1 |      38 |       6 |  13.6 |      21 |       3 |  12.5
        D:2 |      67 |       3 |   4.3 |      19 |       2 |   9.5
        D:3 |     117 |     239 |  67.1 |       9 |       2 |  18.2
        D:4 |     447 |      36 |   7.5 |      20 |       1 |   4.8
        D:5 |     156 |       0 |   0.0 |       8 |       0 |   0.0
            +---------+---------+-------+---------+---------+-------
